 Dungeon Crawl Stone Soup version 0.30-a0-779-g7971cf19c3 (webtiles) character file.

Game seed: 12870501389099605560

1 DskReedErrur the Magician (level 1, 0/13 HPs)
             Began as a Demonspawn Wanderer on Feb 17, 2023.
             Slain by a bat (1 damage)
             ... on level 1 of the Dungeon.
             The game lasted 00:02:49 (48 turns).

DskReedErrur the Magician (Demonspawn Wanderer)       Turns: 48, Time: 00:02:50

Health: 0/13       AC:  0    Str:  8    XL:     1   Next: 16%
Magic:  5/5        EV: 11    Int: 19    God:
Gold:   0          SH:  0    Dex: 10    Spells: 8/8 levels left

rFire   . . .      SeeInvis .    a - +0 dagger
rCold   . . .      Faith    .    (no shield)
rNeg    . . .      Spirit   .    (no body armour)
rPois   .          Reflect  .    (no helmet)
rElec   .          Harm     .    (no cloak)
rCorr   .          Rampage  .    (no gloves)
Will    .....                    (no boots)
Stlth   +                        (no amulet)
HPRegen 0.22/turn                (no ring)
MPRegen 0.09/turn                (no ring)

@: no status effects
A: no striking features
a: no special abilities


You were on level 1 of the Dungeon.
You visited 1 branch of the dungeon, and saw 1 of its levels.

Inventory:

Hand Weapons
 a - a +0 dagger (weapon)
 d - a +0 hand axe
Armour
 c - a +0 scale mail
Potions
 b - a potion of curing


   Skills:
 - Level 2.6 Armour
 - Level 4.0 Spellcasting
 + Level 2.3 Necromancy
 - Level 1.0 Evocations


You had 8 spell levels left.
You didn't know any spells.
Your spell library contained the following spells:

 Spells                   Type           Power      Damage    Failure   Level
 Sublimation of Blood     Necr           12%        N/A       8%          2
 Kiss of Death            Conj/Necr      32%        2d7       9%          1
 Beastly Appendage        Tmut           6%         N/A       14%         1
 Ignite Poison            Fire/Tmut/Pois 3%         N/A       38%         3
 Anguish                  Hex/Necr       4%         N/A       63%         4


Dungeon Overview and Level Annotations

Branches:
Dungeon (1/15)

Altars:


Message History

Found a hand axe.
You see here a +0 hand axe.
d - a +0 hand axe You open the door.
There is an open door here.
You open the door.
There is an open door here.
A frilled lizard comes into view.
The frilled lizard hisses angrily.
A bat comes into view.
You hit the frilled lizard.
You kill the frilled lizard!
The bat hits you but does no damage.
You hit the bat.
You kill the bat!
You start removing your armour.
You continue taking off your +0 scale mail. x4
You finish taking off your +0 scale mail.
An endoplasm comes into view.
The endoplasm quivers.
Found 10 gold pieces.
The endoplasm freezes you.
You are frozen.
You hit the endoplasm but do no damage. The endoplasm freezes you.
You are frozen.
* * * LOW HITPOINT WARNING * * *
You hit the endoplasm but do no damage. The endoplasm closely misses you.
The endoplasm attacks as you move away! The endoplasm barely misses you.
Found a stone staircase leading down.
A bat and a quokka come into view.
Found 5 stones.
The bat moves out of view.
The quokka barely misses you. The quokka closely misses you.
The quokka attacks as you move away! The quokka bites you. The bat hits you.
* * * LOW HITPOINT WARNING * * *
The quokka attacks as you move away! The quokka bites you.
* * * LOW HITPOINT WARNING * * *
The bat closely misses you. The bat hits you.
You die...

#.#.#....##.#....(..
#.#†#....##.#.....
#†#.#.......#.#.# .
.........##.#...# ..
#'#...........>.#####..#
#.#....................#
#'#########.#Jr#........
..........#.............
#######.#.#....b@.......
.....#.## #.#..#........
#'###.#.# #.#..####.#+##
....#.#.# #..... ..
....#.#.# ###..# ##
.<..+.#.# +... ....#.#.#
#.. ....#.#.# #+###.#.#


You could see an endoplasm, a quokka and a bat.

Vanquished Creatures
  A bat (D:1)
  A frilled lizard (D:1)
2 creatures vanquished.

Notes
Turn   | Place    | Note
-------+----------+-------------------------------------------
     0 | D:1      | DskReedErrur the Demonspawn Wanderer began the quest for
                  | the Orb.
     0 | D:1      | DskReedErrur set off with the following items: a +0 dagger,
                  | a potion of curing, a +0 scale mail; and the following
                  | spells available to memorise: Sublimation of Blood, Kiss of
                  | Death, Beastly Appendage, Ignite Poison, Anguish.
     0 | D:1      | Reached XP level 1. HP: 13/13 MP: 5/5
    48 | D:1      | Slain by a bat

Illustrated notes

Levels and vault maps discovered:
D:1:      matt_arrival_los_fun, layout_basic, chequers_ecumenical_altar_grove,
          nrook_uturn, minmay_misc_feat_chi

Action                     || total
---------------------------++-------
  Melee: Dagger            ||     4
 Armour: Scale mail        ||     1
  Dodge: Dodged            ||     5

Table legend: (Time is in decaauts)
 A = Elapsed time spent in this place.
 B = Non-inter-level travel time spent in this place.
 C = Inter-level travel time spent in this place.
 D = Time resting spent in this place.
 E = Time spent auto-exploring this place.
 F = Levels seen in this place.
 G = Mean time per level.
                   A        B        C        D        E       F      G
               +--------+--------+--------+--------+--------+-----+--------+
         Total |     48 |     48 |      0 |      0 |     11 |   1 |   48.0 |
       Dungeon |     48 |     48 |      0 |      0 |     11 |   1 |   48.0 |
               +--------+--------+--------+--------+--------+-----+--------+

Top non-repeatable levels by time:
     D:1: 48 daAuts
